 Dungeon Crawl Stone Soup version 0.31.0-32-g396128a36d (webtiles) character file.

Game seed: 7902438795123846282

104 Zeor the Vexing (level 4, -4/25 HPs)
             Began as a Deep Elf Hexslinger on Apr 18, 2024.
             Slain by an iguana (13 damage)
             ... on level 4 of the Dungeon.
             The game lasted 00:07:05 (3057 turns).

Zeor the Vexing (Deep Elf Hexslinger)               Turns: 3057, Time: 00:07:05

Health: -4/25      AC:  3    Str:  9    XL:     4   Next: 52%
Magic:  18/18      EV: 12    Int: 16    God:
Gold:   56         SH:  0    Dex: 17    Spells: 3/8 levels left

rFire   . . .        b - +5 short sword "Yssinkud" {holy, Str+4 Int-4}
rCold   . . .        (no shield)
rNeg    . . .        f - +0 leather armour
rPois   .            (no helmet)
rElec   .            (no cloak)
rCorr   .            (no gloves)
SInv    .            (no boots)
Will    .....        (no amulet)
Stlth   +            d - ring of magical power
HPRegen 0.24/turn    m - ring of wizardry
MPRegen 0.16/turn

%: wizardry (x1)
@: weak-willed
A: no striking features
a: no special abilities


You were on level 4 of the Dungeon.
You visited 1 branch of the dungeon, and saw 4 of its levels.

You collected 122 gold pieces.
You spent 66 gold pieces at shops.

Inventory:

Hand Weapons
 a - a +2 sling
 b - the +5 short sword "Yssinkud" (weapon) {holy, Str+4 Int-4}
   (You found it on level 2 of the Dungeon)

   Str+4:     It affects your strength (+4).
   Int-4:     It affects your intelligence (-4).
 p - the +1 whip "Doiraal" {heavy, Fly rPois rN+ Str+2}
   (You found it on level 3 of the Dungeon)

   Str+2:     It affects your strength (+2).
   rPois:     It protects you from poison rN+: It protects you from negative
   energy.
   Fly:       It grants you flight.
Missiles
 k - 2 throwing nets
Armour
 f - a +0 leather armour (worn)
Jewellery
 d - a ring of magical power (left hand)
 m - a ring of wizardry (right hand)
Scrolls
 h - 2 scrolls of blinking
 l - 2 scrolls of poison
 n - a scroll of fear
 q - a scroll of fog
 r - a scroll of teleportation
Potions
 c - a potion of lignification
 e - a potion of ambrosia
 g - a potion of magic
 i - a potion of berserk rage {unknown}
 j - a potion of heal wounds {unknown}
 o - a potion of cancellation {unknown}
 s - a potion of curing {unknown}


   Skills:
 * Level 1.3 Fighting
 * Level 4.7 Ranged Weapons
 + Level 0.3 Armour
 + Level 2.6 Dodging
 + Level 0.1 Stealth
 * Level 2.6 Spellcasting
 * Level 4.7 Hexes
 + Level 1.1 Fire Magic


You had 3 spell levels left.
You knew the following spells:

 Your Spells              Type           Power      Damage    Failure   Level
b - Sigil of Binding      Hex            17%        N/A       4%          3
j - Jinxbite              Hex            34%        N/A       2%          2

Your spell library contained the following spells:

 Spells                   Type           Power      Damage    Failure   Level
 Inner Flame              Hex/Fire       11%        N/A       10%         3
 Cause Fear               Hex            8%         N/A       16%         4
 Dimensional Bullseye     Hex/Tloc       4%         N/A       36%         4


Dungeon Overview and Level Annotations

Branches:
Dungeon (4/15)
 Temple: D:4-7

Altars:

Shops:
D:1 ((   D:3 *

Annotations:
D:3 1 runed translucent door, Crazy Yiuf


Message History

The hobgoblin hits you but does no damage.
The hobgoblin attacks as it pursues you!
The hobgoblin misses you.
You shoot a sling bullet.
The sling bullet barely misses the hobgoblin.
A giggling sprite leaps out and smacks the hobgoblin with its own hand.
You kill the hobgoblin!
The iguana barely misses you.
You shoot a sling bullet. The sling bullet hits the iguana.
The iguana is lightly wounded.
A giggling sprite leaps out and makes the iguana trip over its own talons.
The iguana is heavily wounded.
The jinxing sprites lose interest in you.
The iguana bites you.
You shoot a sling bullet. The sling bullet hits the iguana.
The iguana is heavily wounded.
The iguana closely misses you.
You feel stronger.
You feel stupid.
The +5 short sword "Yssinkud" {holy, Str+4 Int-4} softly glows with a divine radiance!
b - the +5 short sword "Yssinkud" (weapon)
{holy, Str+4 Int-4} The iguana closely misses you.
You hit the iguana.
The iguana is severely wounded.
The iguana bites you but does no damage.
You hit the iguana but do no damage.
The iguana is severely wounded.
The iguana seems less drained.
The iguana bites you!
You barely miss the iguana.
The iguana is severely wounded.
The iguana bites you.
You are too injured to fight recklessly!
You hit the iguana.
The iguana is almost dead.
The iguana bites you.
You completely miss the iguana.
The iguana is almost dead.
The iguana bites you!
Ouch! That really hurt!
You die... ∙∙∙∙∙∙∙▒■▒▒ ∙∙∙∙ ∙∙∙∙∙∙∙∙∙∙∙▒ ∙∙∙∙ ▒∙∙∙∙∙∙∙∙∙∙∙▒∙∙∙∙∙ ▒∙∙∙∙∙∙∙∙∙∙∙▒∙∙∙∙∙ ∙∙∙∙∙∙∙∙∙∙∙∙∙∙∙∙∙∙∙∙ ∙∙∙∙∙∙∙∙∙∙∙∙∙∙∙∙∙∙∙∙

∙∙∙∙∙∙∙▒∙▒∙∙∙∙∙∙∙∙∙∙
▒∙∙∙▒∙∙∙∙∙∙l∙∙∙∙∙∙∙
∙∙
▒∙∙∙▒∙∙∙∙∙e▒†∙▒▒▒▒∙
∙∙∙ ∙∙∙∙∙∙∙∙∙∙▒▒l▒▒
∙∙∙▒▒▒▒∙∙▒∙∙∙∙∙▒ ∙▒
∙∙∙∙∙∙∙∙∙▒∙∙∙∙∙▒ ∙∙
∙∙∙∙∙∙∙∙∙▒∙∙∙∙∙▒▒∙∙
▒∙∙∙∙∙∙∙∙∙∙∙∙∙▒▒▒▒
■∙∙∙∙∙∙▒∙∙∙∙∙∙∙∙∙
▒∙∙∙∙∙∙▒∙∙∙∙∙∙∙∙▒
■∙∙∙∙∙∙▒∙▒▒▒▒▒▒▒▒


You could see an iguana.

Vanquished Creatures
  A hound (D:4)
  An adder (D:2)
  A dart slug (D:1)
  A ribbon worm (D:3)
  2 orcs
  2 endoplasms
  4 giant cockroaches
  3 hobgoblins
  10 jackals (D:1)
  3 quokkas
  7 ball pythons
  4 bats
  3 frilled lizards
  3 goblins
  7 kobolds
  5 rats
57 creatures vanquished.

Notes
Turn   | Place    | Note
-------+----------+-------------------------------------------
     0 | D:1      | Zeor the Deep Elf Hexslinger began the quest for the Orb.
     0 | D:1      | Reached XP level 1. HP: 11/11 MP: 5/5
   146 | D:1      | Reached XP level 2. HP: 14/16 MP: 6/6
   179 | D:1      | Learned a level 2 spell: Jinxbite
   326 | D:1      | Found Xaryl's Weapon Emporium.
   414 | D:1      | Reached skill level 1 in Fighting
   790 | D:1      | Found Tusa's Weapon Boutique.
   878 | D:1      | Reached XP level 3. HP: 20/20 MP: 8/8
   884 | D:1      | Learned a level 3 spell: Sigil of Binding
  1260 | D:2      | You fall into a shaft and drop 1 floor!
  1596 | D:2      | Found a faded altar of an unknown god.
  1667 | D:2      | Identified the +5 short sword "Yssinkud" {holy, Str+4
                  | Int-4}
  2712 | D:3      | Found a runed translucent door.
  2713 | D:3      | Noticed Crazy Yiuf
  2803 | D:3      | Identified the +1 whip "Doiraal" {heavy, Fly rPois rN+
                  | Str+2}
  2835 | D:3      | Found Wofogicim's Assorted Antiques.
  2843 | D:3      | Bought a scroll of teleportation for 66 gold pieces
  2851 | D:3      | Reached XP level 4. HP: 25/25 MP: 9/9
  3057 | D:4      | Slain by an iguana

Illustrated notes

Levels and vault maps discovered:
D:1:      dpeg_arrival_another_circle, layout_basic, serial_shops,
          nicolae_shop_bloodbath_and_beyond, shop, dreamdust_princess_bridge
D:2:      layout_basic, hellmonk_ecumenical_altar_run_dry, corexii_shack
D:3:      layout_basic, serial_shops, shop, uniq_crazy_yiuf_cottage
D:4:      layout_basic, lemuel_doored_altar, overflow_temple_1_default,
          minmay_temple_entry_antechambers, minmay_close_crescents, uniq_ijyb

Skill      XL: |  1  2  3 |
---------------+----------+-----
Ranged Weapons | 3 4 |  4.7
Spellcasting   | 2 |  2.6
Fighting       | 1 |  1.3
Armour         | |  0.3
Dodging        | |  2.6
Stealth        | |  0.1
Hexes          | |  4.7
Fire Magic     | |  1.1

Action                     |  1- 3 |  4- 6 || total
---------------------------+-------+-------++-------
  Melee: Short sword       |     1 |    10 ||    11
   Fire: Sling             |   115 |    11 ||   126
   Cast: Jinxbite          |    13 |     2 ||    15
    Use: Scroll            |     8 |     1 ||     9
 Armour: Robe              |    16 |       ||    16
         Leather armour    |    10 |     8 ||    18
  Dodge: Dodged            |    32 |     9 ||    41
